 Dungeon Crawl Stone Soup version 0.19-a0-1907-gcff654f (webtiles) character file.

47 witty the Ruffian (level 3, -2/30 (31) HPs)
             Began as a Ghoul Monk on Oct 21, 2016.
             Slain by a hound (5 damage)
             ... on level 4 of the Dungeon.
             The game lasted 00:02:11 (953 turns).

witty the Ruffian (Ghoul Monk)                       Turns: 953, Time: 00:02:12

HP:   -2/30 (31)    AC:  2    Str: 14    XL:     3   Next: 70%
MP:   2/2           EV: 12    Int:  6    God:
Gold: 35            SH:  0    Dex: 11    Spells: 0 memorised, 2 levels left

rFire  . . .     SeeInvis .       - Unarmed
rCold  + . .     Gourm    .     a - +0 robe
rNeg   + + +     Faith    .     (no shield)
rPois  ∞         Spirit   .     (no helmet)
rElec  .         Reflect  .     (no cloak)
rCorr  +         Harm     .     (no gloves)
MR     .....                    (no boots)
Stlth  ++........               (no amulet)
                                (no ring)
                                e - ring of resist corrosion

@: rotting
A: rotting body, claws 1, carnivore 3, cold resistance 1, negative energy
resistance 3, slow regeneration 1, torment resistance, unbreathing
a: no special abilities


You were on level 4 of the Dungeon.
You were not hungry.

You visited 1 branch of the dungeon, and saw 3 of its levels.

You collected 35 gold pieces.

Inventory:

Armour
 a - a +0 robe (worn)
Jewellery
 e - a ring of resist corrosion (left claw)
   (You found it on level 1 of the Dungeon)
Scrolls
 c - 4 scrolls of identify {unknown}
 d - a scroll of magic mapping {unknown}
 h - a scroll of amnesia {unknown}
Potions
 i - a potion of agility {unknown}
Comestibles
 b - a meat ration {@e2}
 f - a beef jerky


   Skills:
 - Level 3.2 Fighting
 - Level 2.6 Dodging
 - Level 2.1 Stealth
 + Level 5.0 Unarmed Combat


You had 2 spell levels left.
You didn't know any spells.

Dungeon Overview and Level Annotations

Branches:
Dungeon (2/15)

Altars:

Annotations:
D:2 Natasha
D:4 Egon's ghost, amateur OpTm


Innate Abilities, Weirdness & Mutations

Your body is rotting away.
You thrive on raw meat.
You are immune to poison.
You have sharp fingernails.
You are carnivorous and can eat meat at any time.
Your flesh is cold resistant. (rC+)
You are immune to negative energy. (rN+++)
You regenerate slowly when monsters are visible.
You are immune to unholy pain and torment.
You can survive without breathing.


Message History

You take 3 damage, and have 12/26 hp.
You scratch Natasha. Natasha claws you.
You take 4 damage, and have 8/26 hp.
You closely miss Natasha.
Natasha drinks a potion.
Natasha seems to grow stronger.
You scratch Natasha.
Natasha casts a spell.
Natasha wildly gestures.
Natasha glows brightly for a moment.
Natasha claws you.
* * * LOW HITPOINT WARNING * * *
You take 5 damage, and have 3/26 hp.
You barely miss Natasha.
Natasha stares at you and mumbles some strange words.
You resist with significant effort.
You closely miss Natasha. Natasha casts a spell at you.
You resist with significant effort. Natasha barely misses you.
You closely miss Natasha. Natasha barely misses you.
You closely miss Natasha. Natasha closely misses you.
Natasha mumbles some strange words.
You scratch Natasha.
You kill Natasha!
Natasha yowls pathetically as she dies!
The white imp disappears in a puff of smoke!
The crimson imp disappears in a puff of smoke!
Your Unarmed Combat skill increases to level 5!
You have reached level 3!
Your experience leads to an increase in your attributes!
Increase (S)trength, (I)ntelligence, or (D)exterity?
You feel clever.
MP restored: 2 You start resting.
You feel yourself speed up.
You start resting.
Natasha, Servant of Life and Death comes into view.
You regained 8 hp, and now have 13/31 hp.
Found a stone staircase leading down.
You now have 35 gold pieces (gained 15).
Found an escape hatch in the floor.
You start resting.
A giant cockroach comes into view.
You regained 2 hp, and now have 16/31 hp.
A giant cockroach is nearby!
The giant cockroach closely misses you.
The giant cockroach bites you but does no damage.
You scratch the giant cockroach. The giant cockroach barely misses you.
You closely miss the giant cockroach. The giant cockroach bites you.
You take 2 damage, and have 14/31 hp.
You barely miss the giant cockroach. The giant cockroach bites you.
You take 1 damage, and have 13/31 hp.
You scratch the giant cockroach. The giant cockroach barely misses you.
You claw the giant cockroach!
You kill the giant cockroach!
You start resting.
You regained 3 hp, and now have 17/31 hp.
Natasha is nearby!
Natasha is nearby!
You start resting.
You feel your flesh rotting away.
You regained 4 hp, and now have 22/30 hp.
You fall through a shaft for 2 floors!
The shaft crumbles and collapses.
A worker ant and a player ghost come into view.
The worker ant twitches its antennae in your direction.
Egon's ghost turns its malevolent gaze towards you.
An orc priest comes into view.
It is wielding a whip. 2 hounds come into view.
Egon's ghost wails, "What do you have that I didn't have?"
The worker ant barely misses you.
The worker ant bites you but does no damage.
An orc comes into view. It is wielding a short sword.
An orc wizard comes into view. It is wielding a dagger.
The worker ant bites you but does no damage.
You see here a smoky dark potion.
The worker ant misses you.
You see here a meat ration {@e2}.
The hound barks!
The worker ant barely misses you.
You scratch the worker ant but do no damage.
The worker ant misses you. The hound bites you.
You take 4 damage, and have 19/30 hp.
You barely miss the worker ant. The worker ant bites you. The hound bites you.
* * * LOW HITPOINT WARNING * * *
You take 11 damage, and have 8/30 hp.
MASSIVE DAMAGE!!
The hound barely misses you. The hound closely misses you.
Found an escape hatch in the ceiling.
The hound closely misses you. The worker ant misses you.
Found a stone staircase leading down.
The hound bites you.
* * * LOW HITPOINT WARNING * * *
You take 5 damage, and have 3/30 hp.
The hound closely misses you.
An ogre and a dart slug come into view.
The ogre moves out of view.
A leopard gecko skeleton comes into view.
The hound bites you.
You die...

...............####
......####.......o
#.....# #....####
##..##..# ##...#
#..##...### #.!##
#.##......####.##
#####....a.##....#.W#
..w.......######.##.#
......<@h.# #.##.###.
..........# #.%......
....[.>..(# ##.......
..........# #.......
......##### #.......
.....O #.....[.
....Z. ########
......


You could see an ogre, a hound, a worker ant, a dart slug and a leopard gecko
skeleton.

Vanquished Creatures
  Natasha (D:2)
  A dart slug (D:1)
  2 ball pythons (D:1)
  3 bats (D:1)
  3 giant cockroaches
  2 goblins
  3 hobgoblins
  2 frilled lizards
  3 kobolds (D:1)
20 creatures vanquished.

Notes
Turn   | Place    | Note
-------+----------+-------------------------------------------
     0 | D:1      | witty the Ghoul Monk began the quest for the Orb.
     0 | D:1      | Reached XP level 1. HP: 19/19 MP: 0/0
   158 | D:1      | Reached XP level 2. HP: 26/26 MP: 1/1
   228 | D:1      | Reached skill level 4 in Unarmed Combat
   682 | D:2      | Noticed Natasha
   686 | D:2      | HP: 6/26 [Natasha/magic dart (7)]
   698 | D:2      | HP: 3/26 [Natasha (5)]
   703 | D:2      | Noticed a crimson imp
   703 | D:2      | Killed Natasha
   703 | D:2      | Reached skill level 5 in Unarmed Combat
   703 | D:2      | Reached XP level 3. HP: 4/31 MP: 2/2
   797 | D:2      | Noticed Natasha
   922 | D:2      | You fall through a shaft for 2 floors!
   922 | D:4      | Noticed Egon's ghost (amateur OpTm)
   949 | D:4      | HP: 3/30 [hound (5)]
   952 | D:4      | Noticed an ogre
   953 | D:4      | Slain by a hound

Vault maps used:
D:1:      minmay_arrival_split_and_join
D:2:      uniq_robin, uniq_crazy_yiuf_cottage, uniq_natasha, uniq_sigmund

Skill      XL: |  1  2 |
---------------+-------+-----
Unarmed Combat | 5 |  5.0
Fighting       | |  3.2
Dodging        | |  2.6
Stealth        | |  2.1

Action                   || total
-------------------------++-------
Melee: Unarmed           ||    66
       Punch             ||     3
 Stab: Sleeping          ||     3
  Eat: Chunk             ||     3
Armor: Robe              ||    15
Dodge: Dodged            ||    48

Vault maps used:
D:1:      minmay_arrival_split_and_join
D:2:      uniq_robin, uniq_crazy_yiuf_cottage, uniq_natasha, uniq_sigmund

Table legend:
 A = Turns spent in this place as a percentage of turns spent in the entire game.
 B = Non-inter-level travel turns spent in this place as a percentage of non-inter-level travel turns spent in the entire game.
 C = Inter-level travel turns spent in this place as a percentage of turns spent in this place.
 D = Turns resting spent in this place as a percentage of non-inter-level travel turns spent in this place.
 E = Turns spent auto-exploring this place as a percentage of non-inter-level travel turns spent in this place.
 F = Non-inter-level travel turns spent in this place divided by the number of levels of this place that you've seen.
                   A       B       C       D       E      F
               +-------+-------+-------+-------+-------+----------------------
         Total | 100.0 | 100.0 |   0.4 |   3.2 |  10.4 |  93.3
       Dungeon | 100.0 | 100.0 |   0.4 |   3.2 |  10.4 |  93.3
               +-------+-------+-------+-------+-------+----------------------

Table legend:
 A = Kills in this place as a percentage of kills in entire the game.
 B = Kills by you in this place as a percentage of kills by you in the entire game.
 C = Kills by friends in this place as a percentage of kills by friends in the entire game.
 D = Other kills in this place as a percentage of other kills in the entire game.
 E = Experience gained in this place as a percentage of experience gained in the entire game.
 F = Experience gained in this place divided by the number of levels of this place that you have seen.
                   A       B       C       D       E      F
               +-------+-------+-------+-------+-------+----------------------
         Total | 100.0 | 100.0 |  -nan |  -nan | 100.0 |  22.7
       Dungeon | 100.0 | 100.0 |  -nan |  -nan | 100.0 |  22.7
               +-------+-------+-------+-------+-------+----------------------
